 Dungeon Crawl Stone Soup version 0.21.0-25-ge575cb9 (webtiles) character file.

298 tognito the Cleaver (level 6, -9/76 HPs)
             Began as a Minotaur Berserker on Jan 14, 2018.
             Was a Priest of Trog.
             Mangled by an orc warrior
             ... wielding a +1 long sword of holy wrath
              (11 damage)
             ... on level 4 of the Dungeon on Jan 25, 2018.
             The game lasted 00:07:28 (2332 turns).

tognito the Cleaver (Minotaur Berserker)            Turns: 2332, Time: 00:07:30

Health: -9/76      AC:  9    Str: 29    XL:     6   Next: 13%
Magic:  5/5        EV:  9    Int:  4    God:    Trog [***...]
Gold:   165        SH:  0    Dex:  9    Spells: 5/5 levels left

rFire    . . .     SeeInvis .   a - +0 hand axe
rCold    . . .     Gourm    .   (no shield)
rNeg     . . .     Faith    +   g - +0 chain mail
rPois    .         Spirit   .   (helmet restricted)
rElec    .         Reflect  .   o - +0 cloak
rCorr    .         Harm     .   (no gloves)
MR       .....                  (no boots)
Stlth    ..........             i - amulet of faith (curse)
HPRegen  0.22/turn              l - ring of loudness (curse)
MPRegen  0.09/turn              (no ring)

@: berserking, very quick
A: retaliatory headbutt, horns 2
a: Berserk, Trog's Hand, Burn Spellbooks, Renounce Religion


You were on level 4 of the Dungeon.
You worshipped Trog.
Trog was most pleased with you.
You were hungry.

You visited 1 branch of the dungeon, and saw 4 of its levels.

You collected 165 gold pieces.

Inventory:

Hand Weapons
 a - a +0 hand axe (weapon)
Missiles
 b - 24 bolts
 j - 53 arrows
Armour
 g - a +0 chain mail (worn)
 o - a +0 cloak (worn)
Jewellery
 i - a cursed amulet of faith (around neck)
 l - a cursed ring of loudness (left hand)
Scrolls
 d - a scroll of random uselessness {unknown}
 e - 2 scrolls of remove curse {unknown}
 h - 2 scrolls of identify {unknown}
 k - a scroll of teleportation {unknown}
 m - a scroll of blinking {unknown}
 n - 2 scrolls of enchant armour {unknown}
Comestibles
 c - 6 rations
 f - 6 chunks of flesh


   Skills:
 - Level 3.6 Fighting
 + Level 8.3 Axes
 - Level 2.4 Armour
 - Level 2.1 Dodging


You had 5 spell levels left.
You didn't know any spells.

Dungeon Overview and Level Annotations

Branches:
Dungeon (4/15)
 Temple: D:4-7

Altars:
Ashenzari
Cheibriados
Nemelex Xobeh
Okawaru
Sif Muna

Shops:
D:4 =:


Innate Abilities, Weirdness & Mutations

You reflexively headbutt those who attack you in melee.
You have a pair of horns on your head.


Message History

The orc wizard casts a spell.
The orc wizard blinks!
The orc warrior hits you with a long sword of holy wrath!
You hit the orc warrior but do no damage.
The orc warrior is moderately wounded.
You closely miss the orc warrior. You headbutt the orc warrior.
The orc warrior is heavily wounded.
The orc warrior hits you with a long sword of holy wrath!
* * * LOW HITPOINT WARNING * * *
The orc wizard casts a spell at you. The magic dart hits you!
* * * LOW HITPOINT WARNING * * *
A red film seems to cover your vision as you go berserk!
You feel yourself moving faster!
You feel mighty!
You are feeling hungry.
The orc wizard points at you and mumbles some strange words.
The magic dart hits you!
* * * LOW HITPOINT WARNING * * *
The orc warrior hits you with a long sword of holy wrath!
You die...

#####.#.#......######
...#..#.#.###........
.#.#.#.#..# #.#####..
.#....###.# #.#
รท###.#.#.####.# .#
#.##.......# .#
#.#######..#
.###..........#####.####
#.##########..o)@oo.....
##...#### #..#####.####
#.#...........#
...#.########.# .#.#.#
#.# .#.# # #.. ##.. ...
##. .# .#


You could see an orc warrior, an orc wizard and an orc.

Vanquished Creatures
  A scorpion (D:4)
  A howler monkey (D:4)
  A hound (D:4)
  An orc wizard (D:4)
  A worker ant (D:4)
  5 adders
  An ooze (D:1)
  A worm (D:2)
  2 dart slugs
  6 leopard geckos
  5 orcs (D:3)
  11 bats
  2 giant cockroaches
  5 hobgoblins
  3 jackals (D:2)
  6 kobolds
  A quokka (D:4)
  7 frilled lizards
  5 goblins
  5 rats
70 creatures vanquished.

Notes
Turn   | Place    | Note
-------+----------+-------------------------------------------
     0 | D:1      | tognito the Minotaur Berserker began the quest for the Orb.
     0 | D:1      | Reached XP level 1. HP: 19/19 MP: 0/0
   255 | D:1      | Reached skill level 4 in Axes
   303 | D:1      | Reached XP level 2. HP: 26/26 MP: 1/1
   560 | D:1      | Reached skill level 5 in Axes
   749 | D:2      | Reached XP level 3. HP: 31/31 MP: 2/2
   881 | D:2      | Reached ** piety under Trog
   985 | D:2      | Found a shattered altar of Ashenzari.
   992 | D:2      | Found an iron altar of Okawaru.
  1499 | D:3      | Reached XP level 4. HP: 39/39 MP: 3/3
  1515 | D:3      | Reached skill level 6 in Axes
  1632 | D:3      | Found a deep blue altar of Sif Muna.
  1688 | D:3      | Reached *** piety under Trog
  1812 | D:3      | Found a snail-covered altar of Cheibriados.
  1868 | D:3      | Found a sparkling altar of Nemelex Xobeh.
  2061 | D:4      | Upgraded the game from 0.21.0-3-g78d12a8 to 0.21.0-25-ge575cb9
  2074 | D:4      | Reached skill level 7 in Axes
  2074 | D:4      | Reached XP level 5. HP: 43/45 MP: 4/4
  2117 | D:4      | Found Muilleac's Book Shoppe.
  2226 | D:4      | Found Ykkabyir's Jewellery Shoppe.
  2278 | D:4      | Reached skill level 8 in Axes
  2278 | D:4      | Reached XP level 6. HP: 43/51 MP: 5/5
  2313 | D:4      | Noticed an orc warrior
  2332 | D:4      | HP: 2/76 [orc wizard/magic dart (11)]
  2332 | D:4      | Mangled by an orc warrior

Skill      XL: |  1  2  3  4  5 |
---------------+----------------+-----
Axes           | 4 5 7 8 |  8.3
Fighting       | |  3.6
Armour         | |  2.4
Dodging        | |  2.1

Action                   |  1- 3 |  4- 6 || total
-------------------------+-------+-------++-------
Melee: Hand axe          |   111 |   115 ||   226
       Headbutt          |    10 |    16 ||    26
Invok: Berserk           |       |     1 ||     1
  Use: Potion            |     6 |     2 ||     8
  Eat: Chunk             |     2 |     3 ||     5
Armor: Animal skin       |     2 |       ||     2
       Chain mail        |    67 |    64 ||   131
       Leather armour    |     1 |       ||     1
Dodge: Dodged            |    53 |    50 ||   103
